 Dungeon Crawl Stone Soup version 0.30-a0-390-g80c34de65d (webtiles) character file.

Game seed: 12808604493921841405

609 bande the Chopper (level 7, -2/43 HPs)
             Began as a Gargoyle Fighter on Dec 5, 2022.
             Was a Follower of Okawaru.
             Slain by an ogre
             ... wielding a +0 giant club
              (16 damage)
             ... on level 5 of the Dungeon.
             The game lasted 00:05:44 (3222 turns).

bande the Chopper (Gargoyle Fighter)                Turns: 3222, Time: 00:05:45

Health: -2/43      AC: 20    Str: 20    XL:     7   Next: 43%
Magic:  7/8        EV:  5    Int:  8    God:    Okawaru [*.....]
Gold:   337        SH:  4    Dex: 11    Spells: 6/6 levels left

rFire   . . .      SeeInvis +    a - +0 war axe
rCold   . . .      Faith    .    c - +0 buckler
rNeg    + . .      Spirit   .    o - +0 plate armour
rPois   ∞          Reflect  .    (no helmet)
rElec   +          Harm     .    z - +2 cloak {Will+}
rCorr   +          Rampage  .    (no gloves)
Will    +....                    (no boots)
Stlth   ..........               (no amulet)
HPRegen 0.27/turn                h - ring of resist corrosion
MPRegen 0.11/turn                q - ring of see invisible

@: no status effects
A: sickness immunity, AC +4, negative energy resistance 1, electricity
resistance, torment resistance 1, petrification resistance
a: Renounce Religion, Heroism


You were on level 5 of the Dungeon.
You worshipped Okawaru.
Okawaru was aware of your devotion.
You visited 1 branch of the dungeon, and saw 5 of its levels.

You collected 337 gold pieces.

Inventory:

Hand Weapons
 a - a +0 war axe (weapon)
 p - a +0 flail
 w - a +0 war axe
Armour
 c - a +0 buckler (worn)
 o - a +0 plate armour (worn)
 z - a +2 cloak of willpower (worn)
Jewellery
 h - a ring of resist corrosion (left hand)
 k - the ring "Zadote" {rPois Int+2}
   (You found it on level 2 of the Dungeon)

   [ring of poison resistance]

   Int:       It affects your intelligence (+2).
   rPois:     It protects you from poison.
 l - an amulet of magic regeneration
 q - a ring of see invisible (right hand)
Wands
 b - a wand of mindburst (13)
 s - a wand of polymorph (7)
 v - a wand of charming (11)
Scrolls
 g - a scroll of teleportation
 i - a scroll of magic mapping
 n - a scroll of enchant weapon {unknown}
 x - 2 scrolls of immolation {unknown}
 y - a scroll of fear {unknown}
Potions
 d - 2 potions of might
 j - 3 potions of curing
 m - 2 potions of berserk rage
 r - a potion of mutation
 t - a potion of degeneration {unknown}
 u - a potion of magic {unknown}


   Skills:
 + Level 4.2 Fighting
 + Level 5.2 Axes
 + Level 4.8 Armour
 + Level 4.0 Shields
 * Level 1.3 Invocations
 * Level 2.2 Evocations


You had 6 spell levels left.
You didn't know any spells.
Your spell library was empty.

Dungeon Overview and Level Annotations

Branches:
Dungeon (5/15)
 Temple: D:4-7

Altars:
Hepliaklqana
Makhleb
Okawaru
Qazlal
Ru
Wu Jian
Zin

Shops:
D:3 ==


Innate Abilities, Weirdness & Mutations

You are immune to sickness and miasma.
Your stone body is resilient. (AC +4)
You are immune to poison.
You resist negative energy. (rN+)
You are resistant to electric shocks. (rElec)
You are resistant to unholy torment.
You are immune to petrification.


Message History

You barely miss the orc.
The orc is moderately wounded.
You block the orc's attack. The orc priest barely misses you.
You slash the orc!
You kill the orc!
Okawaru accepts your kill.
The orc priest begins to cast a cantrip, but forgets the words!
You hit the orc.
The orc is heavily wounded.
You block the orc priest's attack. The orc hits you but does no damage.
You closely miss the orc.
The orc is heavily wounded.
The orc barely misses you. You block the orc priest's attack. x2
The orc hits you with a +0 whip.
You slash the orc!
You kill the orc!
Okawaru accepts your kill. You block the orc priest's attack.
Unknown command.
You hit the orc.
The orc is lightly wounded.
You block the orc's attack.
The orc priest hits you but does no damage.
You hit the orc.
You kill the orc!
Okawaru accepts your kill.
The orc priest hits you but does no damage.
Unknown command.
You hit the ogre but do no damage. The orc priest barely misses you.
The ogre barely misses you. The orc priest completely misses you.
Unknown command.
You slash the ogre!
The ogre is moderately wounded.
The ogre hits you with a +0 giant club!
The orc priest hits you but does no damage.
Unknown command.
You barely miss the ogre.
The ogre is moderately wounded.
The orc priest barely misses you. The ogre hits you with a +0 giant club!
You die...

*###..##.#.## *,**,*,*,,,,,,
*#.......#.# *,**,*,*,,*,*,
##)#.#####.# *,**,*,*,,*,*,
.....# ##'## *,**,,,*,,,,**
##.### ##...## *,,,,,,*,**,,*
...,,*##.....## *****,**,**,*,
.#,*,##.......## **,##*,**,**,*,
.,,*,#.........####...##,**,,,,,,
,,,,,+.........'@O......,,,,,,,,,
,,,,,#.........###o.....,,,******
,****##.......## *,#.###,*,* * ,*
##.....## *,**#**,*,* ,* ##...##
*,* *,,,*,* ,* ##'## *,* *,***,*
* ** #######.######*,***,***,*
*** **##...§§.......#*,,,,,,,,,*
*,, *^(§§.§§§^.####.#*****,*****
*,*


You could see an ogre and an orc priest.

Vanquished Creatures
  A sky beast (D:5)
  An ice beast (D:3)
  A necrophage (D:3)
  2 scorpions
  A hound (D:4)
  6 gnolls (D:4)
  5 adders
  A dart slug (D:3)
  2 worms
  14 orcs
  5 bats
  10 endoplasms
  3 giant cockroaches
  4 hobgoblins
  9 jackals
  5 quokkas
  5 ball pythons
  4 frilled lizards
  7 goblins
  10 kobolds
  4 rats
100 creatures vanquished.

Notes
Turn   | Place    | Note
-------+----------+-------------------------------------------
     0 | D:1      | bande the Gargoyle Fighter began the quest for the Orb.
     0 | D:1      | Reached XP level 1. HP: 14/14 MP: 1/1
   342 | D:1      | Reached skill level 2 in Axes
   378 | D:1      | Reached XP level 2. HP: 19/19 MP: 2/2
   666 | D:2      | Found a sacrificial altar of Ru.
   670 | D:2      | Identified the ring "Zadote" {rPois Int+2}
   843 | D:2      | Reached XP level 3. HP: 23/23 MP: 3/3
  1296 | D:3      | Found Hoklamp's Jewellery Emporium.
  1345 | D:3      | Found Yguum's Jewellery Emporium.
  1409 | D:3      | Found a hazy altar of Hepliaklqana.
  1445 | D:3      | Noticed an ice beast
  1464 | D:3      | Killed an ice beast
  1465 | D:3      | Reached skill level 3 in Axes
  1465 | D:3      | Reached XP level 4. HP: 29/29 MP: 4/4
  1465 | D:3      | Reached XP level 5. HP: 33/33 MP: 5/5
  1551 | D:3      | Reached skill level 4 in Axes
  1587 | D:3      | Found a faded altar of an unknown god.
  1718 | D:3      | Found a sacrificial altar of Ru.
  1752 | D:3      | Reached XP level 6. HP: 28/38 MP: 6/6
  2106 | D:4      | Found an ornate altar of the Wu Jian Council.
  2125 | D:4      | Reached skill level 1 in Evocations
  2156 | D:4      | Found an iron altar of Okawaru.
  2167 | D:4      | Became a worshipper of Warmaster Okawaru
  2318 | D:4      | Found a glowing silver altar of Zin.
  2318 | D:4      | Found a burning altar of Makhleb.
  2319 | D:4      | Noticed a balrug
  2319 | D:4      | Noticed an angel
  2670 | D:4      | Reached skill level 5 in Axes
  2682 | D:4      | Reached XP level 7. HP: 43/43 MP: 7/7
  2988 | D:5      | Entered Level 5 of the Dungeon
  3031 | D:5      | Found a stormy altar of Qazlal.
  3152 | D:5      | Reached * piety under Okawaru
  3153 | D:5      | Reached skill level 1 in Invocations
  3222 | D:5      | Slain by an ogre

Illustrated notes

Levels and vault maps discovered:
D:1:      nicolae_arrival_memento_mori, layout_rooms,
          chequers_serial_rivers_room_b
D:2:      layout_rooms, basic_altar
D:3:      minmay_chambers_of_twos, layout_rooms,
          mainiacjoe_overflow_cross_hatched, nicolae_ru_path_of_blood,
          dreamdust_ecumenical_altar_grove, serial_shops, shop, shop_statue,
          minmay_joined_circles
D:4:      layout_loops_cross, grunt_temple_overflow_order_and_chaos_2,
          amcnicky_altar_gilded, mainiacjoe_overflow_small_starburst
D:5:      layout_loops_corners, kennysheep_mini, grunt_gozag_statues,
          grunt_qazlal_sundering, gup_sewer_entry_bubbles,
          ebering_ghost_rock_garden, minmay_misc_feat_chi

Skill      XL: |  1  2  3  4  5  6  7 |
---------------+----------------------+-----
Axes           | 2 3 4 5 |  5.2
Armour         | 4 |  4.8
Fighting       | 4 |  4.2
Evocations     | 1 2 |  2.2
Shields        | 4 |  4.0
Invocations    | 1 |  1.3

Action                   |  1- 3 |  4- 6 |  7- 9 || total
-------------------------+-------+-------+-------++-------
Melee: War axe           |   113 |   171 |    30 ||   314
  Use: Scroll            |       |       |     6 ||     6
Armor: Scale mail        |    54 |       |       ||    54
       Plate armour      |    20 |   131 |    22 ||   173
Dodge: Dodged            |    63 |    44 |    10 ||   117
Block: Buckler           |    27 |    40 |     9 ||    76

Table legend: (Time is in decaauts)
 A = Elapsed time spent in this place.
 B = Non-inter-level travel time spent in this place.
 C = Inter-level travel time spent in this place.
 D = Time resting spent in this place.
 E = Time spent auto-exploring this place.
 F = Levels seen in this place.
 G = Mean time per level.
                   A        B        C        D        E       F      G
               +--------+--------+--------+--------+--------+-----+--------+
         Total |   3334 |   3290 |     44 |    394 |   1952 |   5 |  666.8 |
       Dungeon |   3334 |   3290 |     44 |    394 |   1952 |   5 |  666.8 |
               +--------+--------+--------+--------+--------+-----+--------+

Top non-repeatable levels by time:
     D:4: 971 daAuts
     D:3: 786 daAuts
     D:1: 671 daAuts
     D:2: 664 daAuts
     D:5: 241 daAuts
